 Dungeon Crawl Stone Soup version 0.29.0-4-gdea44cf6ec (webtiles) character file.

Game seed: 748060104779206427

88 qw the Ruffian (level 4, -1/35 HPs)
             Began as a Ghoul Fire Elementalist on Aug 29, 2022.
             Killed by divine providence
             ... invoked by an orc priest
              (8 damage)
             ... on level 3 of the Dungeon.
             The game lasted 00:02:08 (2385 turns).

qw the Ruffian (Ghoul Fire Elementalist)            Turns: 2385, Time: 00:02:09

Health: -1/35      AC:  9    Str: 13    XL:     4   Next: 54%
Magic:  5/5        EV: 15    Int: 10    God:
Gold:   87         SH:  0    Dex:  9    Spells: 5/6 levels left

rFire   + . .      SeeInvis .     - Unarmed
rCold   + + .      Faith    .   (no shield)
rNeg    + + +      Spirit   .   m - +0 leather armour
rPois   inf        Reflect  .   (no helmet)
rElec   .          Harm     .   l - scarf {rC+ rF+}
rCorr   .          Rampage  .   d - +1 pair of gloves
Will    .....                   (no boots)
Stlth   +.........              (no amulet)
HPRegen 0.00/turn               p - +4 ring of protection
MPRegen 0.09/turn               e - +4 ring of evasion

@: inhibited regen
A: claws 1, cold resistance 1, negative energy resistance 3, inhibited
regeneration, torment resistance 2, devour on kill
a: no special abilities


You were on level 3 of the Dungeon.
You visited 1 branch of the dungeon, and saw 3 of its levels.

You collected 87 gold pieces.


Innate Abilities, Weirdness & Mutations

You are immune to poison.
You have sharp fingernails.
Your flesh is cold resistant. (rC+)
You are immune to negative energy. (rN+++)
You do not regenerate when monsters are visible.
You are immune to unholy pain and torment.
You thrive by killing the living.


   Skills:
 + Level 1.5 Fighting
 - Level 1.7 Dodging
 - Level 2.1 Stealth
 - Level 4.0 Unarmed Combat
 - Level 1.7 Spellcasting
 - Level 0.7 Conjurations
 - Level 2.4 Fire Magic


You had 5 spell levels left.
You knew the following spells:

 Your Spells              Type           Power      Damage    Failure   Level
a - Foxfire               Conj/Fire      16%        2x1d4     22%         1

Your spell library contained the following spells:

 Spells                   Type           Power      Damage    Failure   Level
 Scorch                   Fire           10%        2d6       22%         2
 Conjure Flame            Conj/Fire      4%         6-21      54%         3
 Inner Flame              Hex/Fire       3%         N/A       58%         3
 Flame Wave               Conj/Fire      4%         2d5       91%         4

Inventory:

Armour
 a - a +0 cloak
 d - a +1 pair of gloves (worn)
 l - a scarf of resistance (worn)
 m - a +0 leather armour (worn)
Jewellery
 e - a +4 ring of evasion (right hand)
 p - a +4 ring of protection (left hand)
Potions
 f - a potion of might
 g - a potion of ambrosia {unknown}
 h - 2 potions of haste
 i - a potion of invisibility {unknown}
 j - a potion of berserk rage {unknown}

Dungeon Overview and Level Annotations

Branches:
Dungeon (3/15)

Altars:
Cheibriados


Message History

You closely miss the orc priest. The orc closely misses you.
The orc priest barely misses you.
2370 ||| Stepping ~*~*~tactically~*~*~ (outnumbered).
The orc attacks as you move away! The orc closely misses you.
You barely miss the orc priest. The orc hits you but does no damage.
The orc priest hits you with a +0 war axe.
2372 ||| Stepping ~*~*~tactically~*~*~ (outnumbered).
The orc attacks as you move away! The orc hits you but does no damage.
2373 ||| Stepping ~*~*~tactically~*~*~ (outnumbered).
The orc priest attacks as you move away!
The orc priest hits you with a +0 war axe.
The orc attacks as you move away! The orc hits you with a +0 hand axe.
You hit the orc priest but do no damage.
2375 ||| Stepping ~*~*~tactically~*~*~ (outnumbered).
The orc hits you with a +0 hand axe.
2376 ||| Stepping ~*~*~tactically~*~*~ (outnumbered).
You punch the orc!
You kill the orc!
You feel better.
2379 ||| Stepping ~*~*~tactically~*~*~ (outnumbered).
The orc attacks as you move away! The orc closely misses you.
2380 ||| Stepping ~*~*~tactically~*~*~ (hiding).
You completely miss the orc. The orc hits you but does no damage.
You barely miss the orc. The orc barely misses you.
You hit the orc.
The orc is moderately wounded.
The orc misses you.
You hit the orc.
The orc is moderately wounded.
The orc priest begins to cast a cantrip, but forgets the words!
The orc hits you but does no damage.
You closely miss the orc. You punch the orc.
The orc is heavily wounded.
The orc hits you with a +0 dagger.
The orc priest invokes the aid of Beogh against you.
Beogh smites you!
You die...

#............# #..........###
#..........# #.o........#
##.o........#
#################..######...#
...............o.>)# ####
...####.#####..o##o#
...####+#######.@oo#
...'...........#####
...###.........###### #.##
#..............# #.#
#......%.......# #.#
##.#####.......# #.# #b#.#.#
#..###### #.# #.#.#.# #..# #.
#b#.#.# ##.#


You could see an orc priest and 4 orcs.

Vanquished Creatures
  3 gnolls
  2 adders
  An orc (D:3)
  3 bats (D:1)
  5 endoplasms
  2 giant cockroaches (D:1)
  4 goblins
  4 hobgoblins
  3 quokkas
  4 ball pythons
  4 frilled lizards
  3 kobolds
  2 rats
40 creatures vanquished.

Vanquished Creatures (others)
  2 fungi (D:2)
  3 plants (D:2)
5 creatures vanquished.

Grand Total: 45 creatures vanquished

Notes
Turn   | Place    | Note
-------+----------+-------------------------------------------
     0 | D:1      | qw the Ghoul Fire Elementalist began the quest for the Orb.
     0 | D:1      | Reached XP level 1. HP: 14/14 MP: 2/2
     0 | D:1      | 0 ||| qw: Version: 0.1-a-90-g952f4b7
     0 | D:1      | 0 ||| qw: Game counter: 3724
     0 | D:1      | 0 ||| qw: Always use a shield: true
     0 | D:1      | 0 ||| qw: God list: Okawaru
     0 | D:1      | 0 ||| qw: Allow faded altars: false
     0 | D:1      | 0 ||| qw: Do Orc after D:15 true
     0 | D:1      | 0 ||| qw: Do second Lair branch before Depths: true
     0 | D:1      | 0 ||| qw: Lair rune preference: random
     0 | D:1      | 0 ||| qw: Plans: Normal
     0 | D:1      | 0 ||| PLANNING D:1-11
   107 | D:1      | Reached skill level 1 in Unarmed Combat
   114 | D:1      | Reached XP level 2. HP: 19/22 MP: 3/3
   168 | D:1      | Reached skill level 1 in Fighting
   272 | D:1      | 272 ||| Stepping ~*~*~tactically~*~*~ (stealth).
   273 | D:1      | 273 ||| Stepping ~*~*~tactically~*~*~ (stealth).
   274 | D:1      | 274 ||| Stepping ~*~*~tactically~*~*~ (stealth).
   296 | D:1      | HP: 4/23 [endoplasm (2)]
   580 | D:1      | 580 ||| Stepping ~*~*~tactically~*~*~ (stealth).
   606 | D:1      | 606 ||| Stepping ~*~*~tactically~*~*~ (stealth).
   607 | D:1      | 607 ||| Stepping ~*~*~tactically~*~*~ (stealth).
   608 | D:1      | 608 ||| Stepping ~*~*~tactically~*~*~ (stealth).
   611 | D:1      | Reached skill level 2 in Unarmed Combat
   964 | D:1      | 964 ||| UPGRADING to +1 pair of gloves.
   969 | D:1      | 969 ||| UPGRADING to scarf of resistance.
   974 | D:1      | 974 ||| UPGRADING to +0 leather armour.
   984 | D:1      | 984 ||| DROPPING +0 robe.
   985 | D:1      | 985 ||| DROPPING +6 ring of intelligence.
   986 | D:1      | 986 ||| UPGRADING to +4 ring of protection.
   987 | D:1      | 987 ||| READING scroll labelled QUIGUA NUIGUWI.
   988 | D:1      | 988 ||| READING scroll labelled HOL UFEQU YLUCK.
   993 | D:1      | 993 ||| READING scroll labelled CAUCOI DEMERAQIRPH.
   994 | D:1      | 994 ||| READING scroll labelled ASEP UGUHIOPERPH.
   995 | D:1      | 995 ||| READING scroll labelled WYUKLA NAZO.
   996 | D:1      | 996 ||| DRINKING 2 red potions.
   997 | D:1      | 997 ||| DROPPING potion of magic.
  1014 | D:2      | 1014 ||| Stepping ~*~*~tactically~*~*~ (stealth).
  1017 | D:2      | 1017 ||| Stepping ~*~*~tactically~*~*~ (outnumbered).
  1019 | D:2      | 1019 ||| Stepping ~*~*~tactically~*~*~ (outnumbered).
  1020 | D:2      | 1020 ||| STAIRDANCE
  1022 | D:1      | 1022 ||| Stepping ~*~*~tactically~*~*~ (outnumbered).
  1023 | D:1      | 1023 ||| Stepping ~*~*~tactically~*~*~ (outnumbered).
  1024 | D:1      | 1024 ||| Stepping ~*~*~tactically~*~*~ (outnumbered).
  1025 | D:1      | 1025 ||| Stepping ~*~*~tactically~*~*~ (outnumbered).
  1030 | D:1      | Reached XP level 3. HP: 21/28 MP: 4/4
  1036 | D:1      | Reached skill level 3 in Unarmed Combat
  1220 | D:2      | 1220 ||| Stepping ~*~*~tactically~*~*~ (outnumbered).
  1229 | D:2      | 1229 ||| FLEEEEING.
  1230 | D:2      | 1230 ||| FLEEEEING.
  1231 | D:2      | 1231 ||| STAIRDANCE
  1363 | D:2      | Reached XP level 4. HP: 35/35 MP: 5/5
  1467 | D:2      | Found a snail-covered altar of Cheibriados.
  1866 | D:2      | 1866 ||| Stepping ~*~*~tactically~*~*~ (stealth).
  1868 | D:2      | 1868 ||| Stepping ~*~*~tactically~*~*~ (stealth).
  1871 | D:2      | 1871 ||| Stepping ~*~*~tactically~*~*~ (stealth).
  1883 | D:2      | Found a faded altar of an unknown god.
  2228 | D:2      | 2228 ||| UPGRADING to +4 ring of evasion.
  2229 | D:2      | 2229 ||| READING scroll labelled MOCWIE ETOFOOT.
  2230 | D:2      | 2230 ||| READING scroll labelled SYM SUWAUPAL.
  2231 | D:2      | 2231 ||| DRINKING 2 fuming cyan potions.
  2245 | D:3      | 2245 ||| STAIRDANCE
  2271 | D:3      | Reached skill level 4 in Unarmed Combat
  2364 | D:3      | 2364 ||| Stepping ~*~*~tactically~*~*~ (outnumbered).
  2365 | D:3      | 2365 ||| Stepping ~*~*~tactically~*~*~ (outnumbered).
  2366 | D:3      | 2366 ||| Stepping ~*~*~tactically~*~*~ (outnumbered).
  2367 | D:3      | 2367 ||| Stepping ~*~*~tactically~*~*~ (outnumbered).
  2368 | D:3      | 2368 ||| Stepping ~*~*~tactically~*~*~ (outnumbered).
  2370 | D:3      | 2370 ||| Stepping ~*~*~tactically~*~*~ (outnumbered).
  2372 | D:3      | 2372 ||| Stepping ~*~*~tactically~*~*~ (outnumbered).
  2373 | D:3      | 2373 ||| Stepping ~*~*~tactically~*~*~ (outnumbered).
  2375 | D:3      | 2375 ||| Stepping ~*~*~tactically~*~*~ (outnumbered).
  2376 | D:3      | 2376 ||| Stepping ~*~*~tactically~*~*~ (outnumbered).
  2379 | D:3      | 2379 ||| Stepping ~*~*~tactically~*~*~ (outnumbered).
  2380 | D:3      | 2380 ||| Stepping ~*~*~tactically~*~*~ (hiding).
  2385 | D:3      | HP: 7/35 [orc/+0 dagger (4)]
  2385 | D:3      | Killed from afar by an orc priest

Levels and vault maps discovered:
D:1:      dpeg_arrival_arbitrary_b, layout_basic
D:2:      layout_basic, shapermc_ecumenical_altar_rom_forum, basic_altar,
          palyth_stone_intersect, kennysheep_generic_room_9
D:3:      kennysheep_six_static_rooms, layout_basic, serial_aquarium,
          aquarium_bridge_long_separate [aquarium_subvault_bridge,
          aquarium_subvault_bridge, aquarium_subvault_wall,
          aquarium_subvault_bridge, aquarium_subvault_wall,
          aquarium_subvault_bridge], aquarium_window_fake, aquarium_window_1,
          aquarium_view_2e, aquarium_view_2b, aquarium_balcony_double_4,
          aquarium_pool_2

Skill      XL: |  1  2  3  4 |
---------------+-------------+-----
Unarmed Combat | 1 2 3 4 |  4.0
Fighting       | 1 |  1.5
Dodging        | |  1.7
Stealth        | |  2.1
Spellcasting   | |  1.7
Conjurations   | |  0.7
Fire Magic     | |  2.4

Action                   |  1- 3 |  4- 6 || total
-------------------------+-------+-------++-------
Melee: Unarmed           |    98 |    91 ||   189
       Punch             |       |     3 ||     3
  Use: Scroll            |     5 |     2 ||     7
       Potion            |     1 |     1 ||     2
Armor: Robe              |     9 |       ||     9
       Leather armour    |     9 |    23 ||    32
Dodge: Dodged            |    55 |    55 ||   110

Table legend:
 A = Non-vault XP
 B = Vault XP
 C = Vault XP percentage of total XP
 D = Non-vault monster count
 E = Vault monster count
 F = Vault count percentage of total count
                 A         B        C        D         E       F
            +---------+---------+-------+---------+---------+-------
      Total |     125 |       2 |   1.6 |      39 |       1 |   2.5
            +---------+---------+-------+---------+---------+-------
        D:1 |      62 |       0 |   0.0 |      22 |       0 |   0.0
        D:2 |      44 |       2 |   4.3 |      13 |       1 |   7.1
        D:3 |      19 |       0 |   0.0 |       4 |       0 |   0.0
            +---------+---------+-------+---------+---------+-------
